 Seeded DCSS version 0.31-a0-236-g9a0961f (webtiles) character file.

Game seed: 5439828349659289197 (custom seed)

2419 PurpleRed the Cleaver (level 9, -7/97 HPs)
             Began as an Ogre Wanderer on July 10, 2023.
             Mangled by an orc warrior
             ... wielding a +0 battleaxe
              (24 damage)
             ... in a bailey.
             The game lasted 00:21:28 (7326 turns).

PurpleRed the Cleaver (Ogre Wanderer)               Turns: 7326, Time: 00:21:29

Health: -7/97      AC:  5    Str: 24    XL:     9   Next: 48%
Magic:  14/14      EV:  9    Int: 12    God:
Gold:   93         SH:  5    Dex:  7    Spells: 12/15 levels left

rFire   . . .        a - +1 war axe
rCold   . . .        (no shield)
rNeg    . . .        d - +0 robe
rPois   .            (helmet restricted)
rElec   .            q - +1 cloak
rCorr   .            (gloves unavailable)
SInv    .            (boots unavailable)
Will    +....        l - amulet of reflection
Stlth   +            j - ring of willpower
HPRegen 0.36/turn    (no ring)
MPRegen 0.14/turn

%: reflection
@: about to teleport
A: large, unfitting armour, tough skin 1
a: no special abilities


You were in a bailey.
You visited 1 branch of the dungeon, and saw 7 of its levels.
You also visited: Bailey.

You collected 379 gold pieces.
You spent 286 gold pieces at shops.

Inventory:

Hand Weapons
 a - a +1 war axe (weapon)
 o - a +0 giant club
Missiles
 g - 10 poisoned darts
 m - 6 javelins
 v - 16 boomerangs
Armour
 d - a +0 robe (worn)
 q - a +1 cloak (worn)
Magical Staves
 n - a staff of cold
Jewellery
 h - a ring of fire
 j - a ring of willpower (left hand)
 l - an amulet of reflection (around neck)
Wands
 f - a wand of polymorph (3)
 p - a wand of mindburst (3)
 r - a wand of flame (17)
 t - a wand of digging (1)
Scrolls
 c - 2 scrolls of fog
 k - 2 scrolls of silence
 s - a scroll of revelation
Potions
 b - 2 potions of curing
 e - a potion of attraction


   Skills:
 + Level 8.6 Fighting
 * Level 9.8 Axes
 + Level 3.7 Throwing
 - Level 1.0 Dodging
 - Level 1.0 Stealth
 - Level 3.6 Spellcasting
 - Level 3.0 Summonings


You had 12 spell levels left.
You knew the following spells:

 Your Spells              Type           Power      Damage    Failure   Level
b - Call Canine Familiar  Summ           9%         N/A       21%         3

Your spell library contained the following spells:

 Spells                   Type           Power      Damage    Failure   Level
 Magic Dart               Conj           8%         1d3       24%         1
 Gell's Gravitas          Tloc           2%         N/A       56%         3
 Portal Projectile        Hex/Tloc       4%         N/A       56%         3
 Stone Arrow              Conj/Erth      4%         3d7       56%         3
 Teleport Other           Tloc           2%         N/A       56%         3
 Leda's Liquefaction      Hex/Erth       1%         N/A       93%         4
 Dispersal                Tloc           1%         N/A       100%        6


Dungeon Overview and Level Annotations

Branches:
Dungeon (7/15)             Bailey (1/1)
 Temple: D:4-7

Altars:
Elyvilon
Gozag
Hepliaklqana
Kikubaaqudgha
Okawaru
Zin
The Shining One

Shops:
D:5 *(

Annotations:
D:3 1 runed translucent door, dontdoit's ghost, amateur OpTm


Innate Abilities, Weirdness & Mutations

You are too large for most types of armour.
You have tough skin. (AC +1)


Message History

The orc warrior is moderately wounded.
The orc warrior hits you with a +0 battleaxe!
An orc comes into view. It is wielding a +0 hand axe.
You closely miss the orc warrior.
The orc warrior is moderately wounded.
The orc warrior hits you with a +0 battleaxe!
You barely miss the orc warrior.
The orc warrior is moderately wounded.
The orc warrior hits you with a +0 battleaxe.
You closely miss the orc warrior.
The orc warrior is moderately wounded.
You closely miss the orc warrior.
The orc warrior is moderately wounded.
You hit the orc warrior but do no damage.
The orc warrior barely misses you. x2
As you read the scroll labelled LAMILIOFREM, it crumbles to dust.
You feel aware of your surroundings.
You sensed 1 shop/portal.
It was a scroll of revelation.
The orc warrior hits you but does no damage.
The orc warrior hits you with a +0 war axe!
Okay, then.
As you read the scroll labelled WOBLOLEZEV, it crumbles to dust.
It is a scroll of amnesia.
Forget Magic Dart, freeing 1 spell level for a total of 12?
Your memory of Magic Dart unravels.
You block the orc warrior's attack.
The orc warrior hits you with a +0 war axe.
You closely miss the orc warrior.
The orc warrior is moderately wounded.
You completely miss the orc warrior.
The orc warrior hits you with a +0 battleaxe!
* * * LOW HITPOINT WARNING * * *
The orc warrior hits you with a +0 war axe!
* * * LOW HITPOINT WARNING * * *
Okay, then.
Unknown command.
Unknown command.
As you read the scroll of teleportation, it crumbles to dust.
You feel strangely unstable.
The orc warrior hits you with a +0 battleaxe!!
You die...

♣♣♣ ***♣♣♣♣♣♣♣♣♣♣♣∩♣♣♣
**~~≈#####♣♣♣.....♣♣♣*####
**~~~##...##.........##.$?#*
♣♣≈≈~##.....##.......##....!**
♣≈≈≈##...8...##~~~~~##......,*
♣≈≈##.........#~~~~~#...8..8,,
♣≈≈#.........o#~~~~~#.......,,
♣≈≈#..8..8...@oo....'.......,,
♣≈≈#........#########......8,,
♣≈≈##......##~~~#~~~####....,,
♣...##.....#~}.....~#~~*,...,*
♣....##....#~?.......,~*,,,.**
♣♣.....#....##8.8...8.8~**,,,*
♣......'.....#o.......,~~+,,,*
♣∩.∩...'.....#....∩...,~~+,,,*
♣......).....#......,,,~~+,,,*


You could see 2 orc warriors and an orc.

Vanquished Creatures
  Joseph (D:7)
  Eustachio (D:6)
  Menkaure (D:5)
  A sky beast (D:7)
  An ogre (D:5)
  A centaur (D:6)
  A phantom (D:5)
  A bullfrog (D:5)
  3 scorpions
  A gnoll sergeant (D:7)
  5 wights (D:7)
  5 killer bees (D:5)
  A nameless horror (D:5)
  2 hounds
  2 jellies
  2 orc priests (D:3)
  A sleepcap (D:4)
  3 iguanas
  An orc wizard (D:3)
  13 gnolls
  4 adders
  A shadow imp (D:7)
  An ufetubus (D:5)
  4 dart slugs
  19 orcs
  6 bats
  7 endoplasms
  3 giant cockroaches
  8 goblins
  6 hobgoblins
  4 quokkas
  6 ball pythons
  8 frilled lizards
  17 kobolds
  4 rats
145 creatures vanquished.

Vanquished Creatures (collateral kills)
  A water moccasin (D:5)
1 creature vanquished.

Grand Total: 146 creatures vanquished

Notes
Turn   | Place    | Note
-------+----------+-------------------------------------------
     0 | D:1      | PurpleRed the Ogre Wanderer began the quest for the Orb.
     0 | D:1      | PurpleRed set off with the following items: a +0 war axe, a
                  | +0 cloak, a scroll of fog, a +0 robe; and the following
                  | spell memorised: Magic Dart; and the following spells
                  | available to memorise: Stone Arrow.
     0 | D:1      | Reached XP level 1. HP: 19/19 MP: 5/5
   101 | D:1      | Reached XP level 2. HP: 28/28 MP: 6/6
   272 | D:1      | Found a faded altar of an unknown god.
   737 | D:2      | Reached XP level 3. HP: 27/36 MP: 8/8
   909 | D:2      | Reached skill level 4 in Axes
  1000 | D:2      | Reached XP level 4. HP: 26/45 MP: 9/9
  1778 | D:3      | Learned a level 3 spell: Call Canine Familiar
  1890 | D:3      | Reached XP level 5. HP: 46/54 MP: 10/10
  1909 | D:3      | Reached skill level 5 in Axes
  2131 | D:3      | Found an ancient bone altar of Kikubaaqudgha.
  2149 | D:3      | Reached skill level 1 in Summonings
  2282 | D:3      | Found a runed translucent door.
  2282 | D:3      | Noticed dontdoit's ghost (amateur OpTm)
  2381 | D:3      | Reached XP level 6. HP: 22/63 MP: 11/11
  2555 | D:3      | Found a glowing golden altar of the Shining One.
  3220 | D:4      | Found a hazy altar of Hepliaklqana.
  3586 | D:5      | Entered Level 5 of the Dungeon
  3595 | D:4      | Reached skill level 5 in Fighting
  3595 | D:4      | Reached skill level 6 in Axes
  3595 | D:4      | Reached XP level 7. HP: 72/72 MP: 12/12
  3737 | D:5      | HP: 3/72 [ogre/+0 giant club (14)]
  4538 | D:5      | Found Giahoxt's Antique Weapon Shop.
  4729 | D:5      | Noticed Menkaure
  4736 | D:5      | Killed Menkaure
  4737 | D:5      | Reached skill level 7 in Axes
  4737 | D:5      | Reached XP level 8. HP: 50/83 MP: 13/13
  4999 | D:5      | Found Zudoke's Assorted Antiques.
  5025 | D:5      | Reached skill level 8 in Axes
  5292 | D:5      | Bought a scroll labelled ATZEFU OSEODERGH for 26 gold
                  | pieces
  5293 | D:5      | Bought a runed granite ring for 130 gold pieces
  5293 | D:5      | Bought a blackened jasper amulet for 130 gold pieces
  5678 | D:6      | Found a white marble altar of Elyvilon.
  6029 | D:6      | Found an iron altar of Okawaru.
  6161 | D:6      | Noticed Eustachio
  6223 | D:6      | Killed Eustachio
  6389 | D:7      | Found a glowing silver altar of Zin.
  6454 | D:7      | Noticed Joseph
  6471 | D:7      | Killed Joseph
  6472 | D:7      | Reached skill level 9 in Axes
  6472 | D:7      | Reached XP level 9. HP: 56/96 MP: 14/14
  6518 | D:7      | Found an opulent altar of Gozag.
  6637 | D:7      | Noticed a two-headed ogre
  6997 | D:7      | Found a flagged portal.
  7066 | Bailey   | Entered a bailey
  7174 | Bailey   | Noticed an orc warlord
  7326 | Bailey   | Mangled by an orc warrior

Illustrated notes

Levels and vault maps discovered:
D:1:      ncdulo_lavacross, layout_loops_cross,
          hellmonk_ecumenical_altar_pennies_from_heaven, hangedman_decor_lopped,
          chequers_serial_rivers_small_a
D:2:      minmay_diamond_boxcup, layout_basic
D:3:      layout_rooms, lemuel_doored_altar, nicolae_tso_swordbearing_angel,
          gammafunk_ghost_grave
D:4:      layout_loops_ring, nzn_hepliaklqana_mist_gate, dreamdust_gnoll_farm
D:5:      layout_basic, serial_shops, nicolae_shop_overgrown_old_shop,
          minmay_misc_feat_cross, nicolae_stop_n_shop_1, corexii_corridor_pit,
          uniq_menkaure
D:6:      layout_basic, okawaru_trees_2, mainiacjoe_overflow_surrounded_room,
          uniq_eustachio
D:7:      layout_basic, pdpol_temple_overflow_zin_treasury_gozag_greed,
          overflow_temple_1_default, minmay_temple_entry_trees, enter_bailey_2,
          kennysheep_pointless_box, amcnicky_mini_corridor_feature, uniq_joseph
Bailey:   bailey_axe_bossmonster_kennysheep, bailey

Skill      XL: |  1  2  3  4  5  6  7  8 |
---------------+-------------------------+-----
Fighting       | 2 3 4 5 6 8 |  8.6
Axes           | 4 5 6 7 9 |  9.8
Summonings     | 1 2 3 |  3.0
Throwing       | 3 |  3.7
Dodging        | |  1.0
Stealth        | |  1.0
Spellcasting   | |  3.6

Action                     |  1- 3 |  4- 6 |  7- 9 || total
---------------------------+-------+-------+-------++-------
  Melee: War axe           |   119 |   179 |   273 ||   571
         Punch             |       |       |     2 ||     2
  Throw: Dart              |       |       |     7 ||     7
   Cast: Call Canine Famil |       |       |     2 ||     2
  Evoke: Wand              |       |       |    15 ||    15
    Use: Scroll            |       |     8 |     7 ||    15
         Potion            |       |     3 |     4 ||     7
   Stab: Sleeping          |     3 |     1 |       ||     4
         Distracted        |       |       |     1 ||     1
 Armour: Robe              |    47 |    61 |    90 ||   198
         Skin              |       |       |     7 ||     7
  Dodge: Dodged            |    73 |    76 |   118 ||   267
  Block: Other             |       |       |    39 ||    39
         Reflection        |       |       |     4 ||     4

Table legend: (Time is in decaauts)
 A = Elapsed time spent in this place.
 B = Non-inter-level travel time spent in this place.
 C = Inter-level travel time spent in this place.
 D = Time resting spent in this place.
 E = Time spent auto-exploring this place.
 F = Levels seen in this place.
 G = Mean time per level.
                   A        B        C        D        E       F      G
               +--------+--------+--------+--------+--------+-----+--------+
         Total |   7413 |   7263 |    150 |   1150 |   4277 |   8 |  926.6 |
       Dungeon |   7153 |   7003 |    150 |   1030 |   4277 |   7 | 1021.9 |
        Bailey |    260 |    260 |      0 |    120 |      0 |   1 |  260.0 |
               +--------+--------+--------+--------+--------+-----+--------+

Top non-repeatable levels by time:
     D:5: 1518 daAuts
     D:4: 1248 daAuts
     D:3: 1144 daAuts
     D:2: 891 daAuts
     D:6: 862 daAuts
     D:1: 745 daAuts
     D:7: 742 daAuts
  Bailey: 260 daAuts
